Map: Last Remnant

Players

Leviathan

  • Race: Protoss Protoss
  • Spawn Location: 3:00

LegionCris

  • Race: Terran Terran
  • Spawn Location: 12:00

Shinichi

  • Race: Terran Terran
  • Spawn Location: 1:00

Haku

  • Race: Zerg Zerg
  • Spawn Location: 12:00

Maelthor - Winner!

  • Race: Terran Terran
  • Spawn Location: 9:00

Erfeyah - Winner!

  • Race: Protoss Protoss
  • Spawn Location: 6:00

Iluvatar - Winner!

  • Race: Terran Terran
  • Spawn Location: 7:00

athabstract - Winner!

  • Race: Protoss Protoss
  • Spawn Location: 6:00

VOD

Have the link to the VOD?

Description

Time

  • Played on: Nov. 19, 2017, 2:10 p.m.
  • Length: 18:20
Show
View Real Time Build Order
Export as new Build Order

Leviathan Protoss 

Build Orders:  

Get SALT Encoding   

  12  0:17  Pylon  
  12  0:21  Probe (Chrono Boost)  
  13  0:33  Probe (Chrono Boost)  
  14  0:35  Probe  
  14  0:39  Gateway  
  15  0:48  Probe  
  16  1:00  Probe (Chrono Boost)  
  16  1:02  Gateway  
  17  1:07  Pylon  
  17  1:12  Probe (Chrono Boost)  
  19  1:21  Probe (Chrono Boost)  
  19  1:26  Gateway  
  19  1:29  Zealot  
  21  1:40  Pylon  
  21  1:47  Gateway  
  21  1:54  Zealot  
  23  1:59  Zealot  
  25  2:16  Zealot  
  25  2:21  Zealot  
  29  2:28  Zealot  
  31  2:36  Forge  
  31  2:39  Zealot  
  31  2:43  Zealot  
  30  3:06  Zealot  
  30  3:07  Zealot  
  30  3:08  Zealot  
  32  3:16  Zealot  
  34  3:30  Assimilator  
  34  3:34  Zealot x2  
  38  3:35  Assimilator  
  38  3:45  Pylon  
  38  3:48  Pylon  
  38  4:00  Probe (Chrono Boost)  
  39  4:03  Zealot x2  
  44  4:10  Cybernetics Core  
  44  4:12  Probe (Chrono Boost)  
  44  4:16  Zealot  
  46  4:45  Probe (Chrono Boost)  
  47  4:51  Warp Gate  
  48  4:57  Probe (Chrono Boost), Robotics Facility  
  48  4:59  Probe  
  49  5:02  Twilight Council  
  49  5:37  Stalker x3  
  55  5:45  Pylon  
  55  6:03  Stalker  
  47  6:34  Stalker x2  
  47  6:35  Stalker x2  
  47  7:11  Stalker  
  47  7:12  Stalker  
  37  7:57  Gateway  
  31  7:58  Pylon  
  31  7:59  Gateway  
  31  8:02  Pylon, Nexus  
  23  8:24  Forge  
  23  8:27  Pylon  
  23  8:29  Pylon  
  23  8:31  Gateway  
  23  8:52  Assimilator  
  23  8:57  Assimilator  
  23  9:18  Nexus  
  23  9:27  Probe (Chrono Boost)  
  25  9:38  Probe (Chrono Boost)  
  25  9:39  Assimilator  
  25  9:41  Probe  
  25  9:43  Assimilator  
  26  10:07  Stalker  
  29  10:30  Probe (Chrono Boost)  
  29  10:42  Probe (Chrono Boost)  
  32  10:46  Probe x2 (Chrono Boost)  
  32  10:51  Probe  
  33  11:03  Probe  
  34  11:17  Probe (Chrono Boost), Pylon  
  35  11:20  Pylon  
  35  11:23  Probe (Chrono Boost), Pylon  
  36  11:25  Pylon  
  36  11:30  Probe (Chrono Boost)  
  38  11:37  Probe (Chrono Boost)  
  41  11:40  Probe (Chrono Boost)  
  41  11:41  Probe (Chrono Boost)  
  41  11:45  Probe x3 (Chrono Boost)  
  43  11:49  Probe x2  
  45  11:57  Stargate, Stalker x2  
  49  12:10  Gateway  
  49  12:11  Probe  
  49  12:13  Stalker  
  52  12:21  Blink  
  52  12:23  Probe (Chrono Boost)  
  53  12:32  Stalker  
  53  12:35  Probe (Chrono Boost)  
  56  12:37  Stalker  
  56  12:39  Probe (Chrono Boost)  
  59  12:46  Stalker  
  61  12:53  Protoss Ground Weapons Level 1  
  61  12:59  Stalker  
  61  13:03  Stalker  
  65  13:11  Stalker  
  67  13:20  Stalker  
  69  13:33  Pylon  
  69  13:52  Stalker x4  
  77  14:23  Gateway  
  77  14:27  Gateway  
  77  14:31  Stalker x3  
  79  14:32  Pylon, Stalker  
  79  14:35  Pylon  
  85  14:39  Gateway  
  85  14:51  Probe (Chrono Boost)  
  87  15:01  Probe (Chrono Boost), Stargate  
  87  15:05  Probe, Stargate, Stalker  
  87  15:06  Stalker x3  
  96  15:17  Probe  
  77  16:01  Stalker x4  
  77  16:17  Void Ray  
  77  16:18  Void Ray x2  
  89  16:25  Stalker x2  
  89  16:26  Stalker x3  
  69  16:57  Void Ray  
  69  16:58  Void Ray x2, Zealot x4  
  69  16:59  Zealot x3  
  73  17:33  Probe (Chrono Boost), Void Ray x3  
  74  17:43  Probe (Chrono Boost)  
  87  17:47  Probe  
Show
View Real Time Build Order
Export as new Build Order

LegionCris Terran 

Build Orders:  

Get SALT Encoding   

  12  0:03  SCV  
  13  0:45  SCV  
  14  0:57  SCV  
  15  1:09  Engineering Bay  
  15  1:13  Refinery  
  15  1:33  Supply Depot  
  15  1:48  Supply Depot  
  15  1:54  SCV  
  16  2:03  Barracks  
  16  2:07  SCV  
  17  2:14  Supply Depot  
  17  2:19  SCV  
  18  2:23  Barracks  
  18  2:31  SCV  
  19  2:43  SCV  
  20  2:48  Barracks  
  20  2:55  SCV  
  21  3:05  Refinery  
  21  3:07  Sensor Tower, SCV  
  21  3:08  Supply Depot  
  22  3:40  Supply Depot  
  22  3:43  Supply Depot  
  22  3:45  SCV  
  22  3:57  SCV  
  23  4:09  SCV  
  24  4:10  Factory  
  24  4:15  Barracks Tech Lab  
  24  4:16  Factory, Barracks Tech Lab  
  24  4:18  Barracks Reactor  
  24  4:21  SCV  
  25  4:30  Barracks Reactor  
  25  4:47  Supply Depot  
  25  4:52  Command Center  
  25  5:02  Combat Shields  
  25  5:04  Terran Infantry Armor Level 1  
  25  5:58  Refinery  
  25  6:01  Refinery  
  25  6:16  Orbital Command  
  25  6:35  Concussive Shells  
  25  6:39  Marine x5  
  30  6:47  Planetary Fortress  
  30  6:57  Marine x5  
  35  7:09  Factory Tech Lab  
  35  7:10  Factory Tech Lab  
  35  7:15  SCV, Marine x5  
  41  7:27  SCV  
  42  7:32  Marine x2  
  42  7:34  Marauder  
  46  7:39  SCV  
  45  7:51  SCV  
  45  7:55  Marauder  
  46  8:03  SCV  
  36  8:08  Marine  
  36  8:09  Marine x3  
  40  8:16  Marauder  
  42  8:26  Marine x2  
  42  8:27  Marine x2  
  44  8:31  Factory  
  46  8:37  Terran Infantry Weapons Level 1  
  46  8:42  Armory  
  46  9:12  Marine x2  
  46  9:13  Marine x3  
  51  9:18  Factory Tech Lab  
  51  9:31  Marauder  
  51  9:35  Terran Vehicle And Ship Armor Level 1  
  51  9:36  Sensor Tower  
  42  9:53  Marauder  
  41  10:06  Sensor Tower  
  32  10:14  Marauder  
  32  10:16  Marine x2  
  32  10:17  Marine x2  
  38  10:27  Thor  
  50  10:34  Thor, Marine x4  
  56  10:36  Marauder  
  56  10:52  Marine x4, Command Center  
  56  10:54  SCV  
  56  10:56  Marine  
  62  11:06  SCV  
  62  11:10  Marine  
  64  11:13  Missile Turret  
  64  11:19  SCV  
  65  11:29  Terran Vehicle Weapons Level 1  
  65  11:38  Marine x2  
  65  11:39  Marine x3  
  70  11:56  Marine x3  
  70  11:57  Marine x2  
  75  12:13  Missile Turret  
  75  12:14  Marine x3  
  78  12:17  Refinery  
  78  12:47  Siege Tank x3  
  87  13:10  Terran Infantry Armor Level 2  
  87  13:19  Siege Tank x2  
  96  13:20  Siege Tank  
  96  13:21  Marine x4  
  96  13:23  Terran Vehicle And Ship Armor Level 2  
  100  13:59  Sensor Tower  
  100  14:41  Sensor Tower  
  100  14:44  Planetary Fortress  
  100  15:00  Thor x2  
  100  15:01  Thor  
  118  15:26  Terran Infantry Weapons Level 2  
  118  15:43  Thor x2  
  32  17:09  Marine x2  
  32  17:10  Marine x2  
Show
View Real Time Build Order
Export as new Build Order

Shinichi Terran 

Build Orders:  

Get SALT Encoding   

  12  0:02  SCV  
  13  0:14  SCV  
  14  0:26  SCV  
  15  0:30  Supply Depot  
  15  0:33  Refinery  
  15  1:03  SCV, Barracks  
  16  1:06  Barracks  
  16  1:14  Supply Depot  
  16  1:15  SCV  
  17  1:39  SCV  
  18  1:49  Marine  
  18  1:51  SCV  
  18  1:52  Barracks  
  20  1:55  Marine  
  21  2:07  Marine  
  22  2:11  Bunker  
  22  2:13  Marine  
  23  2:25  Marine  
  24  2:31  Marine  
  24  2:34  Supply Depot  
  25  2:43  Marine  
  26  2:49  Marine  
  26  3:01  Marine  
  26  3:05  Marine  
  27  3:07  Marine  
  25  3:18  Marine  
  25  3:19  Factory  
  26  3:24  Marine  
  28  3:29  Orbital Command  
  28  3:36  Marine  
  28  3:40  Barracks Reactor  
  28  3:54  Marine  
  28  3:55  Barracks Tech Lab  
  29  4:02  SCV  
  30  4:09  Factory Tech Lab  
  30  4:16  Bunker  
  31  4:19  Marine x2, Marauder  
  34  4:28  Barracks Tech Lab, Siege Tank  
  37  4:40  Marauder  
  39  4:45  Starport  
  39  5:06  Refinery  
  39  5:07  Command Center  
  39  5:10  Supply Depot  
  39  5:13  Supply Depot  
  39  5:31  SCV, Siege Tank  
  43  5:35  Medivac  
  45  5:43  SCV  
  46  5:55  SCV  
  44  6:08  SCV  
  42  6:20  SCV  
  43  6:40  Orbital Command  
  43  6:41  SCV  
  43  6:53  SCV  
  38  7:05  SCV  
  39  7:17  SCV  
  40  7:28  Refinery  
  41  7:30  SCV  
  41  7:32  SCV  
  41  7:34  Marine x3  
  45  7:44  SCV  
  44  7:52  Marine x2  
  44  7:56  SCV  
  48  8:08  SCV  
  48  8:09  Medivac  
  48  8:10  Barracks Tech Lab, Marine x2  
  48  8:20  SCV  
  44  8:27  Marine x2  
  46  8:36  Refinery  
  46  8:45  Marauder  
  46  8:46  Stimpack  
  49  8:48  Barracks Tech Lab  
  48  8:55  Barracks Tech Lab  
  48  9:06  Marauder  
  48  9:09  SCV  
  51  9:12  Barracks x2  
  51  9:14  Factory Tech Lab, Barracks  
  51  9:18  Marauder x2  
  51  9:20  Combat Shields  
  51  9:21  SCV  
  51  9:22  Concussive Shells  
  56  9:28  Marauder  
  58  9:33  SCV  
  59  9:39  Marauder x2  
  63  9:49  Marauder  
  62  10:01  Marauder x2  
  56  10:25  Marauder  
  56  10:26  Marauder x2  
  62  10:33  Barracks Tech Lab  
  62  10:34  Barracks Tech Lab x2  
  62  10:36  Supply Depot  
  62  10:37  Supply Depot x2  
  62  10:47  Marauder x3  
  68  11:08  Siege Tank  
  71  11:12  Starport Tech Lab  
  71  11:18  Marauder x6  
  83  11:40  Siege Tank  
  77  11:47  Orbital Command  
  77  11:56  Liberator  
  80  12:32  Marauder x6  
  92  12:45  Starport  
  92  12:48  Command Center  
  92  12:57  SCV  
  93  13:01  Supply Depot  
  93  13:03  Supply Depot  
  93  13:07  Liberator  
  93  13:09  SCV  
  94  13:23  SCV, Marauder x3  
  94  13:24  Marauder x3  
  94  13:26  Supply Depot  
  104  13:35  SCV  
  104  13:47  SCV  
  85  14:05  Starport Reactor  
  85  14:08  Starport  
  84  14:53  Starport Reactor  
  84  15:00  Starport Reactor  
  84  15:13  Armory x2  
  84  15:18  Engineering Bay x2  
  84  15:21  Liberator x2  
  78  15:46  Supply Depot x2  
  78  15:47  Liberator  
  78  15:48  Supply Depot, Liberator  
  78  15:49  Liberator  
  78  15:50  Liberator  
  78  15:56  Supply Depot  
  78  16:03  Liberator  
  78  16:04  Liberator  
  73  16:31  Liberator  
Show
View Real Time Build Order
Export as new Build Order

Haku Zerg 

Build Orders: Pool First 

Get SALT Encoding   

  12  0:02  Drone  
  13  0:16  Overlord  
  13  0:40  Spawning Pool  
  12  0:47  Overlord x2  
  12  0:52  Extractor  
  12  0:54  Drone  
  12  1:27  Queen  
  12  1:29  Zergling x4  
  12  1:30  Zergling x2  
  17  1:39  Baneling Nest  
  16  1:45  Zergling x2  
  17  1:56  Zergling x2  
  18  2:11  Metabolic Boost  
  18  2:24  Baneling  
  18  2:27  Zergling x6  
  21  2:33  Baneling  
  21  2:39  Baneling  
  19  3:03  Zergling x6  
  19  3:14  Drone  
  20  3:30  Drone x2  
  22  3:52  Drone x4  
  26  4:08  Lair  
  26  4:09  Drone  
  27  4:13  Drone x3  
  30  4:31  Extractor  
  29  5:07  Spire  
  28  5:14  Drone x3  
  28  5:15  Drone  
  28  5:16  Zergling x6  
  28  5:17  Zergling x2  
  28  5:21  Hatchery  
  34  5:40  Zergling x2  
  34  5:41  Zergling x6  
  38  5:42  Overlord  
  36  6:32  Mutalisk x2  
  32  6:33  Mutalisk  
  32  6:43  Queen  
  32  6:44  Drone x2  
  36  7:06  Drone x4  
  36  7:07  Drone  
  40  7:20  Mutalisk x4  
  40  7:21  Mutalisk  
  50  7:41  Zergling x6  
  37  8:07  Overlord x5  
  37  8:13  Baneling x3  
  37  8:14  Baneling  
  36  8:33  Zergling x10  
  39  8:39  Overlord  
  39  8:48  Hatchery  
  38  8:55  Extractor  
  38  8:56  Drone x2  
  38  8:57  Drone, Extractor  
  39  9:04  Burrow  
  39  9:09  Baneling  
  39  9:10  Baneling x9  
  39  9:27  Mutalisk x3  
  39  9:29  Zergling x4  
  39  9:30  Zergling x12  
  53  9:37  Evolution Chamber  
  52  9:39  Spore Crawler  
  46  9:58  Zergling x18  
  43  10:28  Zergling x2  
  43  10:29  Zergling x10  
  49  10:45  Zerg Ground Armor Level 1  
  49  10:50  Evolution Chamber  
  48  11:10  Mutalisk x4  
  48  11:11  Mutalisk x3  
  55  11:12  Zergling x2  
  62  11:18  Centrifical Hooks  
  62  11:27  Drone  
  62  11:28  Drone x4  
  56  12:20  Zergling x16  
  56  12:21  Zergling x4  
  66  12:42  Zerg Flyer Weapons Level 1  
  66  12:43  Zerg Ground Armor Level 2  
  66  12:49  Baneling  
  66  12:50  Baneling x18  
  66  12:51  Baneling x8  
  66  13:14  Overlord x3  
  66  13:15  Overlord  
  56  14:10  Zergling x2  
  56  14:11  Zergling x20  
  56  14:16  Zergling x2  
  56  14:17  Zergling x20  
  78  14:53  Baneling x15  
  78  14:54  Baneling x7  
  78  14:55  Baneling  
  40  16:06  Zergling x2  
  40  16:07  Zergling x22  
  52  16:14  Zergling x2  
  52  16:15  Zergling x16  
Show
View Real Time Build Order
Export as new Build Order

Maelthor Terran - Winner!

Build Orders: MMM Bio 

Get SALT Encoding   

  12  0:01  SCV  
  13  0:13  SCV  
  14  0:19  Supply Depot  
  14  0:25  SCV  
  15  0:42  Barracks  
  15  0:45  SCV  
  16  0:57  SCV  
  17  1:18  SCV  
  18  1:21  Command Center  
  18  1:29  Marine  
  20  1:33  Orbital Command  
  20  1:38  Refinery  
  19  1:45  Refinery  
  19  1:47  Marine  
  20  1:56  Supply Depot  
  20  2:00  SCV  
  21  2:09  Marine  
  21  2:11  Bunker  
  21  2:14  SCV  
  23  2:28  Marine  
  24  2:31  SCV, Bunker  
  25  2:41  Factory  
  25  2:47  SCV  
  25  2:49  SCV  
  27  3:03  Marine  
  28  3:15  SCV  
  28  3:17  Orbital Command  
  29  3:21  Marine  
  29  3:25  Factory Tech Lab  
  30  3:28  Barracks  
  30  3:32  SCV  
  31  3:44  SCV, Marine  
  31  3:48  Siege Tank  
  36  3:53  SCV  
  37  4:05  SCV, Supply Depot  
  38  4:13  SCV  
  39  4:17  SCV  
  39  4:20  Siege Tank  
  39  4:23  Barracks Tech Lab  
  43  4:25  SCV  
  43  4:29  SCV  
  45  4:34  Supply Depot  
  45  4:37  SCV  
  46  4:38  Refinery  
  46  4:43  SCV  
  47  4:48  Engineering Bay  
  47  4:51  SCV  
  48  4:55  SCV  
  49  5:03  SCV  
  50  5:07  SCV  
  50  5:09  Supply Depot  
  50  5:10  Supply Depot  
  51  5:17  Marine  
  52  5:21  Stimpack  
  52  5:35  Marine  
  53  5:36  Marine  
  53  5:39  Starport  
  53  5:42  SCV x2, Siege Tank  
  59  5:52  Marine  
  59  5:54  SCV  
  59  5:56  Barracks x2  
  61  5:58  Supply Depot  
  61  6:00  Terran Infantry Weapons Level 1  
  61  6:01  Liberator  
  61  6:03  Supply Depot  
  57  6:15  Marine  
  57  6:16  Marauder  
  57  6:31  Hellion  
  54  6:33  Marine  
  54  6:36  Marine  
  56  6:51  Marine  
  56  6:52  Siege Tank  
  56  6:55  Marauder  
  56  6:57  SCV  
  56  6:58  SCV, Missile Turret  
  60  7:10  SCV x2  
  60  7:13  Marine  
  60  7:15  Marine x2  
  65  7:16  Marine  
  65  7:22  SCV x2  
  65  7:30  Missile Turret  
  65  7:31  Marine  
  65  7:33  Missile Turret x2  
  65  7:35  Missile Turret  
  66  7:56  Missile Turret  
  66  7:58  Missile Turret  
  66  7:59  Command Center, Missile Turret  
  62  8:06  Marine, Marauder  
  62  8:09  Starport Reactor  
  62  8:10  Terran Infantry Armor Level 1  
  66  8:15  Barracks Reactor, Armory  
  63  8:24  Marine  
  63  8:49  SCV x2  
  63  8:52  Medivac  
  67  8:57  Refinery  
  67  9:01  SCV  
  68  9:03  Marine x3  
  68  9:04  Marine  
  68  9:08  Barracks Reactor  
  68  9:09  Combat Shields  
  72  9:14  Refinery  
  72  9:18  Missile Turret  
  72  9:21  SCV x2, Marine, Supply Depot, Missile Turret  
  75  9:28  Planetary Fortress  
  75  9:38  Supply Depot  
  58  10:00  SCV x2  
  58  10:03  Marine x5, Marauder  
  58  10:06  Medivac x2  
  66  10:18  SCV  
  66  10:21  Marine x4  
  66  10:22  Thor  
  66  10:24  SCV x2, Barracks  
  66  10:25  Marauder  
  80  10:30  SCV  
  80  10:34  Refinery  
  81  10:36  SCV x2  
  81  10:37  Marine  
  81  10:39  Marine  
  81  10:42  SCV  
  86  10:45  Terran Infantry Weapons Level 2  
  86  10:46  Marauder  
  86  10:48  SCV  
  86  10:49  Medivac, Engineering Bay  
  91  11:12  Marine  
  91  11:13  Marine x4, Marauder  
  91  11:16  Barracks Tech Lab  
  91  11:17  Siege Tank  
  102  11:18  SCV x3  
  104  11:30  Marine x3  
  104  11:31  Marine  
  104  11:32  Supply Depot  
  108  11:33  Supply Depot  
  108  11:34  Marauder  
  110  11:55  Supply Depot  
  102  12:02  Marine  
  102  12:03  Marine x5, Marauder  
  102  12:05  Medivac x2  
  113  12:11  Hellbat  
  109  12:16  SCV x2  
  109  12:17  SCV  
  109  12:20  Marine x2  
  109  12:21  Marine, Marauder  
  117  12:29  Command Center  
  117  12:31  Marine, Marauder  
  117  12:35  Missile Turret x2  
  120  12:38  Marine  
  121  12:45  Barracks  
  121  12:48  Barracks  
  121  12:53  Marine x4, Marauder  
  121  12:55  Medivac x2, Missile Turret  
  121  12:56  Terran Infantry Armor Level 2, Missile Turret  
  121  12:57  SCV x2  
  133  13:02  Terran Vehicle And Ship Armor Level 1  
  133  13:05  Marine  
  133  13:06  Marauder  
  133  13:07  Supply Depot  
  133  13:09  Supply Depot  
  133  13:10  Marine x2  
  138  13:18  Marine x2  
  138  13:19  Marauder  
  142  13:23  Marine  
  142  13:27  Marine  
  135  13:41  Marine x2, Marauder  
  132  13:48  Missile Turret  
  126  14:05  Marine x2  
  126  14:06  Marine x4, Marauder  
  134  14:12  Orbital Command  
  134  14:17  Barracks Tech Lab, Barracks Reactor  
  134  14:23  Marine x3  
  134  14:24  Marine x2, Marauder  
  141  14:31  Marauder  
  143  14:40  SCV x4  
  143  14:41  Marine x4  
  143  14:44  Medivac x2  
  155  14:52  SCV x2  
  157  14:56  SCV x2  
  157  14:57  Marine x5, Marauder  
  157  14:59  Marine x3  
  169  15:02  Supply Depot  
  169  15:03  Terran Infantry Weapons Level 3  
  169  15:04  SCV  
  170  15:14  Medivac x2  
  174  15:22  Marine x4, Marauder  
  174  15:24  Marine x5  
  185  15:40  Marine x2  
  184  15:44  Marine  
  184  15:45  Marine x2, Marauder  
  188  15:51  Marine x2  
  188  15:52  Marine, Marauder  
  170  15:57  Marine  
  170  15:58  Marine  
  170  16:02  Marine x3  
  162  16:06  Marauder  
  162  16:09  Medivac x2, Marine x2  
  162  16:10  Marauder  
  172  16:13  Marine  
  172  16:15  Marine x2  
  175  16:20  Marine x3  
  178  16:26  Marine  
  178  16:28  Marauder  
  178  16:31  Marauder  
  178  16:35  Marine x3  
  178  16:36  Marauder  
  178  16:38  Marine x3  
  168  16:44  Marine  
  158  16:49  Marauder  
  158  16:53  Marine x3, Marauder  
  153  16:56  Marine x3  
  153  16:57  Marauder  
  154  17:02  Marine  
  154  17:04  Medivac x2  
  157  17:10  Marauder  
  157  17:11  Marine x3  
  157  17:14  Marine x3, Marauder  
  164  17:17  Refinery  
  164  17:18  Marine  
  164  17:20  Marine  
  166  17:26  Thor  
  166  17:29  Marine x3  
  175  17:31  Marine  
  175  17:32  Marine x2, Marauder  
  175  17:35  Marauder  
  175  17:36  Marine  
  183  17:38  Marine  
  184  17:46  Marine  
  184  17:47  Marine x2  
  184  17:49  Marine  
  188  18:05  Supply Depot  
Show
View Real Time Build Order
Export as new Build Order

Erfeyah Protoss - Winner!

Build Orders:  

Get SALT Encoding   

  13  0:14  Probe (Chrono Boost)  
  13  0:23  Pylon  
  13  0:24  Probe  
  14  1:10  Gateway  
  14  1:12  Gateway  
  14  1:14  Gateway  
  14  1:28  Assimilator  
  14  1:33  Assimilator  
  14  2:02  Zealot  
  14  2:03  Zealot x2  
  20  2:14  Pylon  
  20  2:16  Pylon  
  20  2:24  Cybernetics Core  
  20  2:41  Probe (Chrono Boost)  
  21  2:53  Probe (Chrono Boost)  
  22  3:02  Probe (Chrono Boost)  
  23  3:06  Warp Gate (Chrono Boost)  
  23  3:07  Probe  
  24  3:50  Stalker x3  
  30  4:20  Stalker x3  
  36  4:25  Pylon  
  36  4:27  Probe  
  36  4:28  Pylon  
  36  4:30  Pylon  
  37  4:39  Probe  
  38  5:28  Probe  
  39  5:40  Probe  
  40  5:52  Probe  
  41  6:04  Probe  
  41  6:07  Forge  
  31  7:11  Probe  
  32  7:23  Probe  
  33  7:35  Probe  
  32  7:48  Probe  
  23  8:00  Probe  
  22  8:12  Probe  
  23  8:24  Probe  
  24  8:27  Stalker  
  24  8:28  Stalker x2  
  30  8:55  Zealot x3  
  36  9:03  Probe  
  37  9:15  Probe  
  38  9:25  Gateway  
  38  9:27  Probe  
  38  9:31  Cybernetics Core  
  39  9:34  Cybernetics Core  
  39  9:37  Cybernetics Core  
  39  9:39  Probe  
  39  9:41  Stalker x3  
  46  9:51  Probe  
  47  10:01  Pylon  
  47  10:58  Pylon  
  47  11:01  Pylon  
  47  11:19  Pylon  
  47  11:58  Stalker x4  
  55  12:37  Gateway  
  55  12:40  Gateway  
  55  13:05  Zealot x3  
  57  13:06  Zealot  
  63  13:19  Probe  
  64  13:31  Probe  
  65  13:43  Probe  
  66  13:48  Protoss Shields Level 1  
  66  13:55  Probe  
  67  13:59  Stalker x6  
  79  14:22  Zealot x4  
  87  15:07  Nexus  
  87  15:24  Pylon  
  87  15:26  Pylon  
  87  15:27  Pylon  
  87  15:30  Pylon  
  87  15:33  Pylon  
  87  15:36  Pylon  
  87  15:38  Pylon  
  87  15:41  Pylon  
  29  17:06  Stalker x6  
  41  18:16  Stalker x3  
Show
View Real Time Build Order
Export as new Build Order

Iluvatar Terran - Winner!

Build Orders:  

Get SALT Encoding   

  12  0:03  SCV  
  13  0:15  SCV  
  14  0:39  SCV, Supply Depot  
  15  1:01  SCV  
  15  1:02  Barracks  
  16  1:13  SCV  
  16  1:14  Barracks  
  16  1:15  Barracks  
  16  1:16  Refinery  
  18  1:25  SCV  
  18  1:38  SCV  
  19  1:49  Marine  
  20  2:00  Supply Depot  
  20  2:07  Marine  
  21  2:08  Marine  
  21  2:09  Marine  
  23  2:21  Supply Depot  
  23  2:22  SCV  
  24  2:27  Marine  
  24  2:29  Barracks Tech Lab x2  
  25  2:41  Bunker  
  25  2:52  Marauder x2  
  29  3:13  Marauder  
  29  3:18  Marine x2  
  33  3:26  SCV  
  34  3:33  Stimpack  
  34  3:45  SCV  
  35  3:48  Marine  
  35  3:51  Marine, Command Center  
  37  4:02  Supply Depot  
  37  4:06  Marine  
  38  4:10  SCV  
  39  4:24  Marine  
  39  4:26  Supply Depot  
  39  4:27  SCV  
  41  4:33  Marine  
  41  4:35  Marine  
  43  4:40  SCV  
  44  4:48  Refinery  
  44  5:04  Marine x2  
  44  5:06  SCV  
  47  5:15  Barracks  
  47  5:21  SCV  
  47  5:23  Barracks  
  48  5:36  Marine x3  
  51  5:57  Marine  
  51  5:58  Factory, Marine  
  51  6:00  Supply Depot  
  53  6:39  Marine x4  
  52  6:57  Marine x4  
  55  7:14  Marine  
  48  7:33  Marine x3  
  51  7:43  Marine  
  52  7:46  Command Center  
  52  7:49  Hellion  
  52  7:51  Marine x2  
  54  8:20  Marine x3  
  54  8:21  Marine  
  33  8:38  Marine x4  
  37  8:46  SCV  
  38  8:56  Marine x2  
  38  8:59  Marine  
  41  9:12  Orbital Command  
  41  9:30  Marine x3  
  44  9:32  Marine  
  44  9:38  SCV  
  44  9:50  SCV  
  39  10:02  SCV  
  39  10:03  Marine x4  
  36  10:21  Marine x4  
  40  10:31  SCV  
  40  10:32  SCV  
  42  10:38  Marine  
  42  10:39  Marine x3  
  46  10:43  SCV  
  47  10:56  Marine x3  
  47  10:57  Marine  
  46  11:14  Marine  
  47  11:23  Marine x3  
  50  11:29  Hellion  
  50  11:31  SCV x2  
  50  11:32  Marine  
  55  11:41  Marine x3  
  55  11:43  SCV x2  
  60  11:51  Starport  
  60  11:54  Starport  
  60  11:55  SCV x2  
  62  12:07  SCV  
  63  12:11  Barracks Reactor x2  
  63  12:13  SCV  
  63  12:14  Marine  
  65  12:19  SCV  
  65  12:21  Marine  
  67  12:25  SCV  
  67  12:27  Factory Tech Lab  
  68  12:31  SCV  
  68  12:32  Marine  
  68  12:34  Factory  
  68  12:36  Factory  
  70  12:37  SCV  
  70  12:39  Marine  
  70  12:43  SCV  
  73  12:50  Marine  
  74  12:52  SCV  
  74  12:53  Armory  
  74  12:54  Marine x3  
  78  13:04  SCV x2, Medivac x2, Marine  
  85  13:09  Marine, Supply Depot  
  85  13:11  Supply Depot  
  85  13:12  Supply Depot  
  86  13:31  SCV x2, Marine x4  
  86  13:33  Supply Depot  
  92  13:34  Supply Depot x2  
  92  13:37  Marine  
  92  13:38  Marine, Engineering Bay  
  92  13:39  Marine  
  92  13:40  Engineering Bay  
  95  13:47  Factory Tech Lab x2  
  95  13:48  Thor, Marine  
  102  14:02  Marine x3  
  111  14:19  Refinery  
  111  14:22  Refinery  
  111  14:25  Marine x4  
  111  14:26  Marine x2  
  111  14:28  Combat Shields  
  117  14:32  SCV x2  
  119  14:44  SCV, Marine x2  
  122  15:13  Medivac x2  
  126  15:36  Thor  
  132  15:43  Medivac  
  132  15:45  Thor, Medivac  
  132  15:48  Supply Depot x2  
  142  16:04  Command Center  
  90  17:07  Thor x2  
  88  17:30  Marine x2  
  88  17:31  Marine x2  
  88  17:32  Marine x3  
  95  17:48  Marine x2  
  95  17:49  Marine x3  
Show
View Real Time Build Order
Export as new Build Order

athabstract Protoss - Winner!

Build Orders:  

Get SALT Encoding   

  12  0:01  Probe  
  13  0:13  Probe  
  14  0:25  Pylon  
  14  0:33  Probe  
  15  0:48  Gateway  
  15  0:50  Gateway  
  15  0:51  Probe  
  16  1:03  Probe  
  17  1:08  Assimilator  
  17  1:15  Probe  
  18  1:25  Pylon  
  18  1:27  Probe  
  19  1:37  Zealot  
  19  1:38  Zealot  
  23  1:43  Probe  
  24  1:53  Assimilator  
  24  1:55  Probe  
  25  2:07  Probe  
  25  2:08  Cybernetics Core  
  26  2:18  Zealot  
  26  2:19  Zealot  
  30  2:33  Pylon  
  30  2:51  Zealot, Stalker  
  30  2:57  Pylon  
  34  2:59  Warp Gate  
  34  3:12  Gateway  
  34  3:30  Stalker  
  34  3:31  Stalker  
  38  3:59  Stalker  
  40  4:05  Robotics Facility  
  40  4:14  Nexus  
  40  4:16  Assimilator  
  40  4:20  Assimilator  
  40  4:25  Pylon  
  40  4:27  Stalker x2  
  44  4:37  Stalker  
  46  4:46  Probe  
  47  4:53  Pylon  
  47  4:58  Probe  
  48  5:10  Probe  
  49  5:24  Stalker  
  49  5:25  Stalker x2  
  53  5:44  Probe  
  54  5:54  Stalker  
  54  5:55  Stalker x2  
  60  6:05  Probe x2, Stargate  
  62  6:17  Probe  
  54  7:01  Pylon  
  54  7:20  Stalker x2  
  42  8:41  Nexus  
  42  9:02  Zealot x3  
  48  9:29  Zealot x3  
  54  9:33  Probe  
  55  9:45  Probe  
  36  10:40  Probe  
  37  10:51  Probe  
  37  10:52  Probe  
  37  11:03  Probe  
  38  11:10  Gateway  
  38  11:12  Gateway  
  38  11:15  Gateway, Probe  
  39  11:23  Stalker x2  
  39  11:24  Stalker  
  45  11:26  Void Ray  
  45  11:27  Probe  
  50  11:40  Stargate  
  50  11:50  Stalker x3  
  56  12:09  Void Ray  
  60  12:16  Pylon  
  60  12:19  Pylon  
  60  12:27  Nexus  
  60  12:29  Assimilator  
  60  12:34  Assimilator  
  60  12:38  Twilight Council  
  60  12:50  Robotics Facility, Void Ray  
  64  13:08  Probe  
  65  13:20  Probe  
  66  13:32  Void Ray  
  66  13:33  Probe, Void Ray  
  75  13:40  Probe  
  76  13:45  Probe  
  77  13:52  Probe  
  78  13:57  Probe  
  79  14:09  Probe  
  80  14:15  Void Ray  
  84  14:18  Probe  
  85  14:26  Void Ray  
  85  14:30  Probe  
  90  14:42  Probe  
  91  14:53  Robotics Bay  
  91  14:54  Probe  
  91  14:55  Blink  
  91  14:58  Void Ray  
  96  15:00  Stalker x3  
  102  15:11  Probe  
  103  15:23  Probe  
  103  15:24  Pylon  
  103  15:26  Pylon  
  103  15:28  Pylon  
  104  15:30  Pylon  
  104  15:35  Probe  
  104  15:40  Void Ray  
  109  15:55  Stalker x3  
  109  15:56  Stalker  
  117  16:09  Void Ray  
  121  16:14  Warp Prism  
Tags
 
Add a new tag
Caveats
  • Supply blocks, unpowered buildings, or Contaminate may cause inaccurate times.
  • Supply counts are checked every 10 seconds.